 Dungeon Crawl Stone Soup version 0.28.0-53-g5a82cb258f (webtiles) character file.

Game seed: 17267184190379880555

208 Descartes the Grasshopper (level 6, -4/43 (44) HPs)
             Began as a Formicid Warper on May 23, 2022.
             Slain by Crazy Yiuf the troll (10 damage)
             ... on level 3 of the Dungeon.
             The game lasted 00:05:51 (4192 turns).

Descartes the Grasshopper (Formicid Warper)         Turns: 4192, Time: 00:05:52

HP:   -4/43 (44)    AC:  6    Str: 18    XL:     6   Next: 11%
MP:   9/9           EV: 11    Int: 12    God:
Gold: 152           SH:  0    Dex: 10    Spells: 9/9 levels left

rFire   . . .      SeeInvis +   a - +0 mace
rCold   . . .      Faith    .   (no shield)
rNeg    . . .      Spirit   .   l - +0 ring mail
rPois   .          Reflect  .   (helmet unavailable)
rElec   .          Harm     .   (no cloak)
rCorr   .          Rampage  .   y - +0 pair of gloves
Will    .....                   (no boots)
Stlth   ..........              (no amulet)
HPRegen 0.14/turn               (no ring)
MPRegen 0.11/turn               (no ring)

@: lightly drained
A: permanent stasis, dig shafts and tunnels, antennae 3, four strong arms
a: Dig, Shaft Self


You were on level 3 of the Dungeon.
You visited 1 branch of the dungeon, and saw 4 of its levels.

You collected 152 gold pieces.

Inventory:

Hand Weapons
 a - a +0 mace (weapon)
 u - a +0 shortbow
Missiles
 c - 3 boomerangs of dispersal (quivered)
 e - 110 stones
 h - 12 poisoned darts
 j - 2 javelins
 k - 54 bolts
 t - 55 arrows
Armour
 b - a +0 leather armour
 l - a +0 ring mail (worn)
 r - a +0 ring mail
 y - a +0 pair of gloves (worn)
Jewellery
 A - a ring of flight
Wands
 s - a wand of polymorph (5)
Scrolls
 d - a scroll of enchant armour {unknown}
 f - a scroll of blinking {unknown}
 m - a scroll of enchant weapon {unknown}
 n - a scroll of identify {unknown}
 o - a scroll of silence {unknown}
 q - a scroll of fog {unknown}
 x - 2 scrolls of immolation {unknown}
 z - a scroll of fear {unknown}
Potions
 g - 3 potions of lignification
 i - a potion of brilliance {unknown}
 p - a potion of berserk rage
 v - 2 potions of mutation {unknown}
 w - a potion of curing {unknown}


   Skills:
 - Level 2.1 Fighting
 + Level 3.3 Maces & Flails
 - Level 1.0 Throwing
 + Level 3.1 Armour
 - Level 1.7 Dodging
 + Level 3.0 Shields
 - Level 2.1 Spellcasting
 + Level 3.7 Translocations
 + Level 0.0 Evocations


You had 9 spell levels left.
You didn't know any spells.
Your spell library contained the following spells:

 Spells                   Type           Power      Damage    Failure   Level
 Gell's Gravitas          Tloc           10%        N/A       30%         3
 Lesser Beckoning         Tloc           10%        N/A       30%         3
 Teleport Other           Tloc           10%        N/A       30%         3
 Animate Skeleton         Necr           2%         N/A       43%         1
 Pain                     Necr           4%         1d4       43%         1
 Static Discharge         Conj/Air       1%         N/A       56%         2
 Vampiric Draining        Necr           1%         2d6       80%         3
 Manifold Assault         Tloc           10%        N/A       95%         5
 Summon Forest            Summ/Tloc      2%         N/A       99%         5
 Lightning Bolt           Conj/Air       0%         1d11      100%        5
 Eringya's Noxious Bog    Tmut/Pois      0%         N/A       100%        6
 Summon Hydra             Summ           0%         N/A       100%        7
 Maxwell's Capacitive Co  Air            0%         ∞         100%        8
 Blink                    Tloc           Unusable   N/A       N/A         2

Dungeon Overview and Level Annotations

Branches:
Dungeon (4/15)
 Temple: D:4-7

Altars:

Annotations:
D:3 Crazy Yiuf
D:4 Duvessa


Innate Abilities, Weirdness & Mutations

You cannot be hasted, slowed, berserked, paralysed or teleported.
You can dig through walls and to a lower floor.
You have a pair of large antennae on your head. (SInv)
Your four strong arms can wield two-handed weapons with a shield.


Message History

Crazy Yiuf bites you! Crazy Yiuf barely misses you. Crazy Yiuf claws you.
Crazy Yiuf says, "Mugger Orb Guardian sanguine!"
There is a stone staircase leading up here.
You climb upwards.
There is a stone staircase leading down here.
HP restored.
You see here a +0 dagger.
There is a stone staircase leading down, spattered with blood here.
There is an escape hatch in the floor here.
Things that are here:
a +0 dagger; a hobgoblin skeleton
Items here: ))) [[ ÷.
Search for what [? for help]? ..
You see here a +0 dagger.
There is a stone staircase leading down here.
You climb downwards.
Level annotation: Crazy Yiuf Crazy Yiuf bites you.
Crazy Yiuf barely misses you. Crazy Yiuf misses you.
Crazy Yiuf bites you but does no damage.
Crazy Yiuf barely misses you. Crazy Yiuf claws you!
There is a stone staircase leading up here.
You closely miss Crazy Yiuf. Crazy Yiuf bites you! Crazy Yiuf claws you!
* * * LOW HITPOINT WARNING * * *
Crazy Yiuf claws you.
* * * LOW HITPOINT WARNING * * *
Throw: 5 boomerangs (disperse)
Press: ? - help, Q - select action, (/) - cycle Shift-Dir - straight line, f - Crazy Yiuf
Aim: Crazy Yiuf the troll (56% to hit)
You throw a boomerang of dispersal.
The boomerang of dispersal barely misses Crazy Yiuf.
Crazy Yiuf barely misses you. Crazy Yiuf claws you.
* * * LOW HITPOINT WARNING * * *
Crazy Yiuf barely misses you.
Throw: 4 boomerangs (disperse)
Press: ? - help, Q - select action, (/) - cycle Shift-Dir - straight line, f/p - Crazy Yiuf
Aim: Crazy Yiuf the troll (56% to hit)
You throw a boomerang of dispersal.
The boomerang of dispersal barely misses Crazy Yiuf.
Crazy Yiuf bites you!
You die...

............# #.# #.# ♣♣♣P.♣
....######### #.###.#####
♣PPP.♣ ....# ###.........#
##..## ...##
#...##...#######....# >.##
#......#..# #.....## .##
#...##....####....## .#
##.####.#......####
.#############.####.########
...............T@...#
#.################### #.#
#.# #.# #.# ..# ###


You could see Crazy Yiuf the troll.

Vanquished Creatures
  A scorpion (D:3)
  Ijyb (D:3)
  Jessica (D:2)
  Robin (D:2)
  2 adders
  3 worms
  A dart slug (D:2)
  An orc (D:3)
  4 endoplasms
  12 giant cockroaches (D:2)
  8 goblins
  3 hobgoblins
  4 jackals (D:3)
  3 quokkas
  A ball python (D:3)
  3 bats
  3 frilled lizards
  A kobold (D:3)
  2 rats
55 creatures vanquished.

Vanquished Creatures (others)
  A fungus (D:3)
1 creature vanquished.

Grand Total: 56 creatures vanquished

Notes
Turn   | Place    | Note
-------+----------+-------------------------------------------
     0 | D:1      | Descartes the Formicid Warper began the quest for the Orb.
     0 | D:1      | Reached XP level 1. HP: 16/16 MP: 3/3
   906 | D:2      | Reached XP level 2. HP: 22/22 MP: 5/5
  1002 | D:2      | Reached skill level 1 in Shields
  1689 | D:2      | Reached XP level 3. HP: 27/27 MP: 6/6
  1963 | D:2      | You fall into a shaft and drop 2 floors!
  1984 | D:4      | Reached XP level 4. HP: 24/33 MP: 7/7
  1993 | D:4      | Noticed Duvessa
  2101 | D:3      | Noticed Ijyb
  2118 | D:3      | Killed Ijyb
  2593 | D:3      | Noticed a scorpion
  2599 | D:3      | Killed a scorpion
  2600 | D:3      | Reached XP level 5. HP: 37/38 MP: 8/8
  2795 | D:2      | Noticed Jessica
  2809 | D:2      | Killed Jessica
  3065 | D:3      | Noticed Robin
  3209 | D:2      | Reached XP level 6. HP: 40/44 MP: 9/9
  3228 | D:2      | Killed Robin
  3395 | D:3      | Found a faded altar of an unknown god.
  3972 | D:3      | Found a runed translucent door.
  3973 | D:3      | Noticed Crazy Yiuf
  3978 | D:3      | Noticed Crazy Yiuf
  3978 | D:3      | Crazy Yiuf changed into Crazy Yiuf the troll
  4192 | D:3      | Slain by Crazy Yiuf the troll

Illustrated notes

Levels and vault maps discovered:
D:1:      kennysheep_arrival_forest, layout_loops_ring, kennysheep_doodads
D:2:      minmay_roachtagon, layout_loops_ring, minmay_misc_feat_rugged,
          uniq_jessica
D:3:      layout_loops_ring, ebering_ecumenical_altar_ruins,
          uniq_crazy_yiuf_cottage, uniq_robin, uniq_ijyb
D:4:      layout_layer_cave, minmay_temple_entry_waves, dk_noncrumbling_3,
          st_stairs_3, serial_bayou_pond_e, uniq_duvessa, uniq_blork_the_orc

Skill      XL: |  1  2  3  4  5  6 |
---------------+-------------------+-----
Shields        | 1 2 3 |  3.0
Translocations | 3 |  3.7
Armour         | 2 3 |  3.1
Maces & Flails | 3 |  3.3
Fighting       | |  2.1
Throwing       | |  1.0
Dodging        | |  1.7
Spellcasting   | |  2.1

Action                   |  1- 3 |  4- 6 || total
-------------------------+-------+-------++-------
Melee: Mace              |   151 |   123 ||   274
       Punch             |       |     4 ||     4
Throw: Dart              |       |     4 ||     4
       Boomerang         |       |     2 ||     2
Evoke: Wand              |       |     2 ||     2
  Use: Potion            |       |     2 ||     2
Armor: Leather armour    |     9 |       ||     9
       Ring mail         |    54 |    52 ||   106
       Skin              |       |    21 ||    21
Dodge: Dodged            |   100 |    59 ||   159
